 Dungeon Crawl Stone Soup version 0.22.0 (webtiles) character file.

66 letownia2 the Insei (level 3, -1/26 HPs)
             Began as a Demonspawn Transmuter on Aug 11, 2018.
             Killed from afar by a dart slug (5 damage)
             ... with a slug dart
             ... on level 4 of the Dungeon.
             The game lasted 00:03:25 (659 turns).

letownia2 the Insei (Demonspawn Transmuter)          Turns: 659, Time: 00:03:27

Health: -1/26      AC:  7    Str: 11    XL:     3   Next: 96%
Magic:  3/6        EV: 10    Int: 14    God:
Gold:   95         SH:  0    Dex: 13    Spells: 0/6 levels left

rFire    . . .     SeeInvis .     - Unarmed
rCold    . . .     Gourm    .   (no shield)
rNeg     . . .     Faith    .   j - +0 ring mail
rPois    .         Spirit   .   (no helmet)
rElec    .         Reflect  .   (no cloak)
rCorr    .         Harm     .   (no gloves)
MR       .....                  (no boots)
Stlth    +.........             (no amulet)
HPRegen  0.08/turn              (no ring)
MPRegen  0.10/turn              (no ring)

@: very slightly contaminated
A: icy blue scales 1, demonic guardian 1
a: no special abilities


You were on level 4 of the Dungeon.
You were not hungry.

You visited 1 branch of the dungeon, and saw 4 of its levels.

You collected 95 gold pieces.

Inventory:

Missiles
 a - 21 arrows
 k - 3 tomahawks (quivered)
Armour
 b - a +0 robe
 j - a +0 ring mail (worn)
Jewellery
 l - an uncursed ring of flight {unknown}
Scrolls
 f - a scroll of amnesia {unknown}
 g - a scroll of teleportation {unknown}
 h - a scroll of enchant armour {unknown}
 i - a scroll of identify {unknown}
Potions
 c - a potion of flight {unknown}
 e - 2 potions of degeneration {unknown}
Comestibles
 d - 2 rations


   Skills:
 - Level 1.0 Fighting
 - Level 1.7 Dodging
 + Level 4.4 Unarmed Combat
 - Level 2.0 Spellcasting
 - Level 1.7 Transmutations


You couldn't memorise any spells.
You knew the following spells:

 Your Spells              Type           Power        Failure   Level  Hunger
a - Beastly Appendage     Tmut           #.....       28%         1    ##.....
l - Sticks to Snakes      Tmut           #.......     38%         2    ###....
p - Spider Form           Tmut/Pois      #.........   77%         3    ####...

Your spell library contained the following spells:

 Spells                   Type           Power        Failure   Level  Hunger
 Blade Hands              Tmut           #.........   100%        5    ######.
 Ice Form                 Ice/Tmut       #.......     99%         4    #####..


Dungeon Overview and Level Annotations

Branches:
Dungeon (4/15)
 Temple: D:4-7

Altars:
Qazlal
Trog


Innate Abilities, Weirdness & Mutations

You are partially covered in icy blue scales. (AC +2)
A weak demonic guardian rushes to your aid.


Message History

There is an escape hatch in the floor here.
You see here a flail.
Found 13 stones.
You see here 13 stones.
A dart slug comes into view.
Found 17 gold pieces.
An iguana comes into view.
The iguana hisses angrily.
The iguana closely misses your ufetubus.
Your ufetubus barely misses the iguana.
Your ufetubus hits the iguana but does no damage.
Your ufetubus closely misses the iguana.
Your ufetubus hits the iguana but does no damage.
The iguana bites your ufetubus.
Your ufetubus hits the iguana but does no damage.
Your ufetubus hits the iguana. The iguana bites your ufetubus!
Your ufetubus dies!
The dart slug launches a dart at you. The slug dart hits you!
You die...

..#######
........#####
$....w......#
######@###.#
#.###(#
#.##..# #
#.##.##
....##.###
##......#
#l##.#)#
#.##.#>#
#.##.#.# #


You could see an iguana and a dart slug.

Vanquished Creatures
  A worm (D:3)
  2 leopard geckos
  2 orcs
  A ball python (D:2)
  3 hobgoblins
  3 jackals (D:3)
  A kobold (D:2)
  A ball python skeleton (D:4)
  4 bats
  A frilled lizard (D:1)
  3 goblins
  2 rats (D:3)
24 creatures vanquished.

Vanquished Creatures (collateral kills)
  A crimson imp (D:3)
  An adder (D:3)
  A giant cockroach (D:3)
3 creatures vanquished.

Grand Total: 27 creatures vanquished

Notes
Turn   | Place    | Note
-------+----------+-------------------------------------------
     0 | D:1      | letownia2 the Demonspawn Transmuter began the quest for the Orb.
     0 | D:1      | Reached XP level 1. HP: 15/15 MP: 3/3
   114 | D:1      | Reached skill level 3 in Unarmed Combat
   225 | D:2      | Gained mutation: You are partially covered in icy blue scales. (AC +2) [demonic ancestry]
   225 | D:2      | Reached XP level 2. HP: 15/21 MP: 3/5
   266 | D:2      | Learned a level 2 spell: Sticks to Snakes
   350 | D:2      | Found a bloodstained altar of Trog.
   350 | D:2      | Found a stormy altar of Qazlal.
   421 | D:3      | Noticed a crimson imp
   447 | D:3      | Killed a crimson imp
   447 | D:3      | Reached skill level 4 in Unarmed Combat
   447 | D:3      | Gained mutation: A weak demonic guardian rushes to your aid. [demonic ancestry]
   447 | D:3      | Reached XP level 3. HP: 25/26 MP: 2/6
   482 | D:3      | Learned a level 3 spell: Spider Form
   589 | D:3      | HP: 1/26 [orc priest/divine providence (13)]
   659 | D:4      | Killed from afar by a dart slug

Skill      XL: |  1  2 |
---------------+-------+-----
Unarmed Combat | 3 4 |  4.4
Fighting       | |  1.0
Dodging        | |  1.7
Spellcasting   | |  2.0
Transmutations | |  1.7

Action                   || total
-------------------------++-------
Melee: Unarmed           ||    81
       Kick              ||     6
       Headbutt          ||     5
       Punch             ||     1
Throw: Tomahawk          ||     1
 Cast: Beastly Appendage ||    13
       Sticks to Snakes  ||     2
 Stab: Distracted        ||     1
Armor: Robe              ||    12
       Ring mail         ||     2
Dodge: Dodged            ||    64
